3L
WIZARDING EXPRESS @ OAKLAND OAKS
09/23/2021
 
TOP OF THE 1ST
Wizarding Express batting - Pitching for Oakland Oaks : RHP Kent Clement
Pitching: RHP Kent Clement
Batting: RHB Pedro Cruz 0-0: Ball
1-0: Ground out 6-3 (Groundball, 6)
Batting: RHB Domingo Navarro 0-0: Ground out 4-3 (Groundball, 4M)
Batting: LHB Dave Lee 0-0: Swinging Strike
0-1: Foul Ball, location: 2F
0-2: Ball
1-2: Ball
2-2: Ball
3-2: Strikes out looking
Top of the 1st over - 0 run(s), 0 hit(s), 0 error(s), 0 left on base; Wizarding 0 - Oakland 0
BOTTOM OF THE 1ST
Oakland Oaks batting - Pitching for Wizarding Express : LHP Fernando Rivero
Pitching: LHP Fernando Rivero
Batting: SHB Al Anderson 0-0: Ball
1-0: DOUBLE (Flyball, 9LM)
Batting: RHB Jim Lee 0-0: Fly out, F7 (Flyball, 78M)
Batting: RHB Steve McLeod 0-0: Ball
1-0: Swinging Strike
1-1: Swinging Strike
1-2: Foul Ball, location: 2F
1-2: Fly out, F4 (Popup, 4MD)
Batting: SHB John Allen 0-0: Ball
1-0: Called Strike
1-1: Fly out, F7 (Flyball, 7M)
Bottom of the 1st over - 0 run(s), 1 hit(s), 0 error(s), 1 left on base; Wizarding 0 - Oakland 0
TOP OF THE 2ND
Wizarding Express batting - Pitching for Oakland Oaks : RHP Kent Clement
Batting: SHB Reed Ramsey 0-0: Ball
1-0: Ball
2-0: Called Strike
2-1: Called Strike
2-2: Foul Ball, location: 2F
2-2: Foul Ball, location: 2F
2-2: Foul Ball, location: 2F
2-2: Ground out 4-3 (Groundball, 4)
Batting: LHB Jason Powell 0-0: Swinging Strike
0-1: Ground out 6-3 (Groundball, 6M)
Batting: SHB Joe Werner 0-0: Ball
1-0: Foul Ball, location: 2F
1-1: Ground out U3 (Groundball, 3L)
Top of the 2nd over - 0 run(s), 0 hit(s), 0 error(s), 0 left on base; Wizarding 0 - Oakland 0
BOTTOM OF THE 2ND
Oakland Oaks batting - Pitching for Wizarding Express : LHP Fernando Rivero
Batting: RHB Michael Hart 0-0: Swinging Strike
0-1: Foul Ball, location: 2F
0-2: Strikes out swinging
Batting: LHB Todd Williams 0-0: SINGLE (Line Drive, 89M)
Batting: RHB Alden Wiley 0-0: Ball
1-0: Ball
2-0: Ball
3-0: Base on Balls
Todd Williams to second
Batting: RHB Rafael Najcrea 0-0: Ball
1-0: Ball
2-0: Ball
3-0: Called Strike
3-1: Foul Ball, location: 2F
3-2: Foul Ball, location: 2F
3-2: Base on Balls
Todd Williams to third
Alden Wiley to second
Batting: RHB Luis Silva 0-0: Foul Ball, location: 2F
0-1: Ball
1-1: Foul Ball, location: 2F
1-2: SINGLE (Flyball, 78S)
Todd Williams scores
Alden Wiley to third
Rafael Najcrea to second
Runner from 3rd tries for Home, throw and OUT!
Rafael Najcrea to third
Luis Silva to second
Batting: SHB Al Anderson 0-0: Ball
1-0: Foul Ball, location: 2F
1-1: DOUBLE (Flyball, 8LM)
Rafael Najcrea scores
Luis Silva scores
Batting: RHB Jim Lee 0-0: Foul Ball, location: 2F
0-1: Ball
1-1: Foul Ball, location: 2F
1-2: Foul Ball, location: 2F
1-2: Ball
2-2: Ball
3-2: Base on Balls
Batting: RHB Steve McLeod 0-0: Called Strike
0-1: Ball
1-1: Ball
2-1: Ground out 6-3 (Groundball, 6)
Bottom of the 2nd over - 3 run(s), 3 hit(s), 0 error(s), 2 left on base; Wizarding 0 - Oakland 3
TOP OF THE 3RD
Wizarding Express batting - Pitching for Oakland Oaks : RHP Kent Clement
Batting: RHB Greg Keys 0-0: Ball
1-0: Called Strike
1-1: Called Strike
1-2: Ball
Single, Error in OF, E7, batter to second base
Batting: RHB Anastasio Cabanillas 0-0: Called Strike
0-1: Ball
1-1: Ball
2-1: Called Strike
2-2: Strikes out swinging
Batting: LHB Chris Thurman 0-0: Ball
1-0: Foul Ball, location: 2F
1-1: Called Strike
1-2: Ball
2-2: Foul Ball, location: 2F
2-2: Ball
3-2: Strikes out swinging
Batting: RHB Pedro Cruz 0-0: Ball
1-0: Ball
2-0: Called Strike
2-1: Fly out, F8 (Popup, 89S)
Top of the 3rd over - 0 run(s), 1 hit(s), 1 error(s), 1 left on base; Wizarding 0 - Oakland 3
BOTTOM OF THE 3RD
Oakland Oaks batting - Pitching for Wizarding Express : LHP Fernando Rivero
Batting: SHB John Allen 0-0: Called Strike
0-1: Ball
1-1: Foul Ball, location: 2F
1-2: Ball
2-2: Hit by Pitch
Batting: RHB Michael Hart 0-0: Called Strike
0-1: Swinging Strike
0-2: Fly out, F2 (Popup, 2RF)
Batting: LHB Todd Williams 0-0: Called Strike
John Allen steals 2nd base
0-1: Foul Ball, location: 2F
0-2: Ball
1-2: Ball
2-2: Ball
3-2: Ground out 4-3 (Groundball, 4S)
John Allen to third
Batting: RHB Alden Wiley 0-0: Ball
1-0: Foul Ball, location: 2F
1-1: Ball
2-1: Called Strike
2-2: Ball
3-2: Base on Balls
Batting: RHB Rafael Najcrea 0-0: Ground out 1-3 (Groundball, 13)
Bottom of the 3rd over - 0 run(s), 0 hit(s), 0 error(s), 2 left on base; Wizarding 0 - Oakland 3
TOP OF THE 4TH
Wizarding Express batting - Pitching for Oakland Oaks : RHP Kent Clement
Batting: RHB Domingo Navarro 0-0: Foul Ball, location: 2F
0-1: Ball
1-1: Ball
2-1: Ball
3-1: Called Strike
3-2: Ground out 4-3 (Groundball, 34)
Batting: LHB Dave Lee 0-0: Called Strike
0-1: Ground out U3 (Groundball, 3L)
Batting: SHB Reed Ramsey 0-0: Ball
1-0: Ball
2-0: Called Strike
2-1: Foul Ball, location: 2F
2-2: Strikes out swinging
Top of the 4th over - 0 run(s), 0 hit(s), 0 error(s), 0 left on base; Wizarding 0 - Oakland 3
BOTTOM OF THE 4TH
Oakland Oaks batting - Pitching for Wizarding Express : LHP Fernando Rivero
Batting: RHB Luis Silva 0-0: Ball
1-0: Ball
2-0: Ground out 4-3 (Groundball, 4)
Batting: SHB Al Anderson 0-0: Ball
1-0: Ground out 6-3 (Groundball, 6)
Batting: RHB Jim Lee 0-0: Ball
1-0: Called Strike
1-1: Foul Ball, location: 2F
1-2: Fly out, F8 (Line Drive, 8RD)
Bottom of the 4th over - 0 run(s), 0 hit(s), 0 error(s), 0 left on base; Wizarding 0 - Oakland 3
TOP OF THE 5TH
Wizarding Express batting - Pitching for Oakland Oaks : RHP Kent Clement
Batting: LHB Jason Powell 0-0: Called Strike
0-1: SINGLE (Flyball, 6MD)
Batting: SHB Joe Werner 0-0: Called Strike
Balk!
Jason Powell to second
0-1: Ball
1-1: Called Strike
1-2: Ball
2-2: Ball
3-2: Ground out U3 (Groundball, 3S)
Jason Powell to third
Batting: RHB Greg Keys 0-0: Ball
1-0: Ball
2-0: Foul Ball, location: 2F
2-1: Swinging Strike
2-2: Strikes out swinging
Batting: RHB Anastasio Cabanillas 0-0: Called Strike
0-1: Foul Ball, location: 2F
0-2: Strikes out looking
Top of the 5th over - 0 run(s), 1 hit(s), 0 error(s), 1 left on base; Wizarding 0 - Oakland 3
BOTTOM OF THE 5TH
Oakland Oaks batting - Pitching for Wizarding Express : LHP Fernando Rivero
Batting: RHB Steve McLeod 0-0: Fly out, F8 (Flyball, 8LM)
Batting: SHB John Allen 0-0: Ball
1-0: Ball
2-0: Ball
3-0: Called Strike
3-1: Foul Ball, location: 2F
3-2: Base on Balls
Batting: RHB Michael Hart 0-0: Ball
1-0: Called Strike
1-1: Ball
2-1: Ball
3-1: Foul Ball, location: 2F
3-2: Fly out, F6 (Line Drive, 6)
Batting: LHB Todd Williams 0-0: Ball
1-0: Ball
2-0: Ball
3-0: Called Strike
3-1: Called Strike
3-2: SINGLE (Groundball, 4)
John Allen to second
John Allen to third
Pitching: RHP Enrico Reséndez
Batting: RHB Alden Wiley 0-0: 3-RUN HOME RUN (Line Drive, 7D), Distance : 415 ft
Batting: RHB Rafael Najcrea 0-0: Ball
1-0: Foul Ball, location: 2F
1-1: Swinging Strike
1-2: Foul Ball, location: 2F
1-2: Strikes out swinging
Bottom of the 5th over - 3 run(s), 2 hit(s), 0 error(s), 0 left on base; Wizarding 0 - Oakland 6
TOP OF THE 6TH
Wizarding Express batting - Pitching for Oakland Oaks : RHP Kent Clement
Batting: LHB Chris Thurman 0-0: Ball
1-0: Fly out, F9 (Flyball, 9M)
Batting: RHB Pedro Cruz 0-0: Called Strike
0-1: Ball
1-1: Foul Ball, location: 2F
1-2: Fly out, F9 (Flyball, 89D)
Batting: RHB Domingo Navarro 0-0: Ball
1-0: Swinging Strike
1-1: Swinging Strike
1-2: Ball
2-2: Strikes out swinging
Top of the 6th over - 0 run(s), 0 hit(s), 0 error(s), 0 left on base; Wizarding 0 - Oakland 6
BOTTOM OF THE 6TH
Oakland Oaks batting - Pitching for Wizarding Express : RHP Enrico Reséndez
Batting: RHB Luis Silva 0-0: Ball
1-0: Called Strike
1-1: Ball
2-1: Ball
3-1: Base on Balls
Batting: SHB Al Anderson 0-0: Ball
1-0: Called Strike
1-1: Ball
2-1: Foul Ball, location: 2F
2-2: Ball
3-2: Grounds into double play, 4-6-3 (Groundball, 34)
Batting: RHB Jim Lee 0-0: Ball
1-0: Ball
2-0: Called Strike
2-1: Swinging Strike
2-2: TRIPLE (Line Drive, 9LM)
Batting: RHB Steve McLeod 0-0: Swinging Strike
0-1: Swinging Strike
0-2: Ball
1-2: Strikes out swinging
Bottom of the 6th over - 0 run(s), 1 hit(s), 0 error(s), 1 left on base; Wizarding 0 - Oakland 6
TOP OF THE 7TH
Wizarding Express batting - Pitching for Oakland Oaks : RHP Kent Clement
Batting: LHB Dave Lee 0-0: Ball
1-0: Ball
2-0: Ground out 4-3 (Groundball, 4M)
Batting: SHB Reed Ramsey 0-0: Ball
1-0: Swinging Strike
1-1: Foul Ball, location: 2F
1-2: Foul Ball, location: 2F
1-2: Foul Ball, location: 2F
1-2: Ball
2-2: Strikes out swinging
Batting: LHB Jason Powell 0-0: Ball
1-0: Swinging Strike
1-1: Ball
2-1: Swinging Strike
2-2: Ball
3-2: Foul Ball, location: 2F
3-2: Base on Balls
Pitching: RHP John Adams
Batting: SHB Joe Werner 0-0: Ball
1-0: Ball
2-0: Swinging Strike
2-1: Foul Ball, location: 2F
2-2: Strikes out looking
Top of the 7th over - 0 run(s), 0 hit(s), 0 error(s), 1 left on base; Wizarding 0 - Oakland 6
BOTTOM OF THE 7TH
Oakland Oaks batting - Pitching for Wizarding Express : RHP Enrico Reséndez
Batting: SHB John Allen 0-0: Called Strike
0-1: Ball
1-1: Ball
2-1: SINGLE (Groundball, 34D)
Batting: RHB Michael Hart 0-0: Called Strike
0-1: Ball
1-1: Ball
2-1: Ball
3-1: Base on Balls
John Allen to second
Batting: LHB Todd Williams 0-0: Called Strike
0-1: Ball
1-1: Foul Ball, location: 2F
1-2: Fielders Choice at 2nd, U4 (Groundball, 4M)
John Allen to third
Batting: RHB Alden Wiley 0-0: Called Strike
0-1: Ball
1-1: Ball
2-1: Called Strike
2-2: SINGLE (Line Drive, 6M)
John Allen scores
Todd Williams to second
Pitching: RHP Joe Benítez
Batting: RHB Rafael Najcrea 0-0: Ball
Todd Williams steals 3rd base
Alden Wiley to second
1-0: Ground out 6-3 (Groundball, 6)
Todd Williams scores
Batting: RHB Luis Silva 0-0: Foul Ball, location: 2F
0-1: Ground out 6-3 (Groundball, 6S)
Bottom of the 7th over - 2 run(s), 2 hit(s), 0 error(s), 1 left on base; Wizarding 0 - Oakland 8
TOP OF THE 8TH
Wizarding Express batting - Pitching for Oakland Oaks : RHP John Adams
Batting: RHB Greg Keys 0-0: Ball
1-0: Swinging Strike
1-1: Ball
2-1: Foul Ball, location: 2F
2-2: Strikes out swinging
Batting: RHB Anastasio Cabanillas 0-0: Ball
1-0: Ball
2-0: Ball
3-0: Called Strike
3-1: Base on Balls
Batting: LHB Chris Thurman 0-0: Ball
1-0: Ball
2-0: Called Strike
2-1: Called Strike
2-2: Fly out, F6 (Line Drive, 6M)
Batting: RHB Pedro Cruz 0-0: Ball
1-0: Ball
2-0: Foul Ball, location: 2F
2-1: Called Strike
2-2: Foul Ball, location: 2F
2-2: Ground out 5-3 (Groundball, 56S)
Top of the 8th over - 0 run(s), 0 hit(s), 0 error(s), 1 left on base; Wizarding 0 - Oakland 8
BOTTOM OF THE 8TH
Oakland Oaks batting - Pitching for Wizarding Express : RHP Joe Benítez
Batting: SHB Al Anderson 0-0: Ball
1-0: Ball
2-0: Ball
3-0: Base on Balls
Batting: RHB Jim Lee 0-0: Sac Bunt - play at second, runner OUT! 3-6
Batting: RHB Steve McLeod 0-0: Called Strike
0-1: Called Strike
0-2: Ball
1-2: Foul Ball, location: 2F
1-2: Foul Ball, location: 2F
1-2: Ball
2-2: Fly out, F7 (Flyball, 7M)
Batting: SHB John Allen 0-0: Ground out 4-3 (Groundball, 4)
Bottom of the 8th over - 0 run(s), 0 hit(s), 0 error(s), 1 left on base; Wizarding 0 - Oakland 8
TOP OF THE 9TH
Wizarding Express batting - Pitching for Oakland Oaks : RHP John Adams
Batting: RHB Domingo Navarro 0-0: Called Strike
0-1: Ball
1-1: DOUBLE (Line Drive, 5D)
Batting: LHB Dave Lee 0-0: Swinging Strike
0-1: Swinging Strike
0-2: Ball
1-2: Strikes out swinging
Batting: SHB Reed Ramsey 0-0: Called Strike
0-1: Foul Ball, location: 2F
0-2: Ball
1-2: Ball
2-2: Foul Ball, location: 2F
2-2: Ball
3-2: Foul Ball, location: 2F
3-2: Fly out, F8 (Flyball, 89M)
Batting: LHB Jason Powell 0-0: Ground out 2-3 (Groundball, 2L)
Top of the 9th over - 0 run(s), 1 hit(s), 0 error(s), 1 left on base; Wizarding 0 - Oakland 8
This league is powered by Out of the Park Baseball, the baseball management simulation game for PC, Mac and Linux
Friday, January 22nd, 2016 - OOTP Baseball 16.9 Build 39